 Dungeon Crawl Stone Soup version 0.32-a0-975-g85d4e5bfdb (webtiles) character file.

Game seed: 13640220522503751839

74207 Autsider the Slicer (level 15, -4/72 HPs)
             Began as a Vine Stalker Enchanter on Apr 19, 2024.
             Was a High Priest of Wu Jian.
             Killed by divine providence
             ... invoked by an orc priest
              (17 damage)
             ... on level 2 of the Orcish Mines.
             The game lasted 01:29:47 (20298 turns).

Autsider the Slicer (Vine Stalker Enchanter)       Turns: 20298, Time: 01:29:47

Health: -4/72      AC: 16    Str: 19    XL:     15   Next: 46%
Magic:  0/39       EV: 16    Int: 20    God:    Wu Jian [*****.]
Gold:   2248       SH: 11    Dex: 20    Spells: 11/34 levels left

rFire   + . .        v - +5 rapier of Offence {spect, ^Drain rC++ Stlth+}
rCold   + + +        A - +0 buckler
rNeg    . . .        S - +2 leather armour of the Shining Light {Harm Regen+ MP+9 SInv}
rPois   .            o - +0 helmet
rElec   .            I - +3 cloak of Yniybb {Regen+ Dex+3}
rCorr   .            P - +2 pair of gloves
SInv    +            r - +0 pair of boots
Will    +....        l - amulet of reflection
Stlth   +++++        G - ring "Wago" {Fly rC+ Str+3 Int+2}
HPRegen 2.72/turn    h - ring of Topreib {Wiz ^Drain rF+ rC+ Int+3}
MPRegen 0.26/turn

%: harm (+30% outgoing, +20% incoming), reflection, guardian spirit, wizardry
(x1)
@: swift, fugue, flying, studying 2 skills, very quick
A: fangs 3, regeneration 1, magic shield, antimagic bite, no potion heal 2
a: Renounce Religion, Wall Jump, Serpent's Lash, Heavenly Storm


You were on level 2 of the Orcish Mines.
You worshipped Wu Jian.
Wu Jian was extremely pleased with you.
You visited 4 branches of the dungeon, and saw 23 of its levels.
You also visited: Ossuary and Gauntlet.

You collected 2442 gold pieces.
You spent 194 gold pieces at shops.

Inventory:

Hand Weapons
 v - the +5 rapier of Offence (weapon) {spect, ^Drain rC++ Stlth+}
   (You found it on level 2 of the Dungeon)

   rC++:      It greatly protects you from cold.
   ^Drain:    It drains your maximum health when unequipped.
   Stlth+:    It makes you more stealthy.
Missiles
 g - 3 throwing nets (quivered)
 n - 3 boomerangs
 w - 30 poisoned darts
 B - 14 atropa-tipped darts
 C - 9 silver javelins
 Q - 3 curare-tipped darts
Armour
 o - a +0 helmet (worn)
 r - a +0 pair of boots (worn)
 A - a +0 buckler (worn)
 I - the +3 cloak of Yniybb (worn) {Regen+ Dex+3}
   (You found it in a Gauntlet)

   Dex+3:     It affects your dexterity (+3).
   Regen+:    It increases your rate of health regeneration.
 P - a +2 pair of gloves (worn)
 R - an orb of guile
 S - the +2 leather armour of the Shining Light (worn) {Harm Regen+ MP+9 SInv}
   (You found it on level 7 of the Dungeon)

   MP+9:      It affects your magic capacity (+9).
   SInv:      It lets you see invisible.
   Regen+:    It increases your rate of health regeneration.
   Harm:      It increases damage dealt and taken.
Jewellery
 h - the ring of Topreib (right hand) {Wiz ^Drain rF+ rC+ Int+3}
   (You found it on level 10 of the Dungeon)

   [ring of wizardry]

   Wiz:       It improves your spell success rate.
   Int+3:     It affects your intelligence (+3).
   rF+:       It protects you from fire.
   rC+:       It protects you from cold.
   ^Drain:    It drains your maximum health when unequipped.
 l - an amulet of reflection (around neck)
 G - the ring "Wago" (left hand) {Fly rC+ Str+3 Int+2}
   (You found it in a Gauntlet)

   [ring of flight]

   Str+3:     It affects your strength (+3).
   Int+2:     It affects your intelligence (+2).
   rC+:       It protects you from cold.
   Fly:       It grants you flight.
 H - a ring of protection from fire
Wands
 i - a wand of polymorph (6)
 q - a wand of iceblast (28)
 T - a wand of paralysis (10)
 V - a wand of mindburst (59)
 W - a wand of flame (50)
Scrolls
 d - 2 scrolls of revelation
 f - 10 scrolls of teleportation {@r2}
 k - 2 scrolls of poison
 m - a scroll of blinking
 t - a scroll of acquirement
 y - 2 scrolls of fear
 L - 3 scrolls of vulnerability
 N - a scroll of silence
 O - 5 scrolls of immolation
 X - a scroll of enchant weapon {unknown}
 Z - a scroll of summoning {unknown}
Potions
 a - 3 potions of cancellation
 b - a potion of attraction {unknown}
 c - 4 potions of invisibility
 e - 2 potions of brilliance {unknown}
 j - 6 potions of might
 p - 4 potions of haste
 s - 4 potions of enlightenment
 u - 3 potions of lignification
 x - 3 potions of ambrosia
 z - a potion of resistance
 D - 2 potions of berserk rage {unknown}
 E - 13 potions of curing {@q1}
 K - 2 potions of magic {unknown}
Miscellaneous
 J - a phantom mirror


   Skills:
 - Level 5.0 Fighting
 * Level 12.2 Short Blades
 + Level 9.4 Armour
 + Level 8.3 Dodging
 - Level 10.0 Stealth
 - Level 5.0 Shields
 - Level 10.0 Spellcasting
 - Level 10.0 Hexes
 - Level 4.0 Necromancy
 - Level 6.0 Translocations
 - Level 3.0 Ice Magic
 - Level 6.0 Air Magic
 + Level 4.2 Evocations
 + Level 0.8 Shapeshifting


You had 11 spell levels left.
You knew the following spells:

 Your Spells              Type           Power      Damage    Failure   Level
a - Ensorcelled Hibernat  Hex/Ice        72%        N/A       1%          2
b - Tukima's Dance        Hex            50%        N/A       1%          3
c - Dazzling Flash        Conj/Hex       60%        N/A       1%          3
u - Swiftness             Air            34%        N/A       1%          3
w - Vhi's Electric Charg  Tloc/Air       68%        N/A       3%          4
z - Blink                 Tloc           68%        N/A       1%          2
A - Confusing Touch       Hex            50%        N/A       1%          3
B - Fugue of the Fallen   Necr           26%        N/A       2%          3

Your spell library contained the following spells:

 Spells                   Type           Power      Damage    Failure   Level
 Kiss of Death            Conj/Necr      72%        2d10      1%          1
 Shock                    Conj/Air       88%        1d8       1%          1
 Slow                     Hex            100%       N/A       1%          1
 Lesser Beckoning         Tloc           68%        N/A       1%          2
 Mercury Vapours          Alch/Air       44%        N/A       1%          2
 Momentum Strike          Conj/Tloc      44%        3d9       1%          2
 Inner Flame              Hex/Fire       30%        N/A       1%          3
 Dimensional Bullseye     Hex/Tloc       21%        N/A       1%          4
 Vampiric Draining        Necr           26%        2d7       2%          3
 Anguish                  Hex/Necr       19%        N/A       2%          4
 Volatile Blastmotes      Fire/Tloc      44%        2d13      3%          3
 Airstrike                Air            17%        2d(3-19)  3%          4
 Magic Dart               Conj           40%        1d5       4%          1
 Sting                    Conj/Alch      40%        1d5       4%          1
 Summon Small Mammal      Summ           40%        N/A       4%          1
 Searing Ray              Conj           20%        2d5       6%          2
 Dispel Undead            Necr           26%        3d13      8%          4
 Call Canine Familiar     Summ           10%        N/A       12%         3
 Iskenderun's Mystic Bla Conj/Tloc 22%            2d6        (+2d3     12%         4
 Arcjolt                  Conj/Air       11%        1d21      30%         5
 Fulminant Prism          Conj/Alch      5%         3d6       34%         4
 Leda's Liquefaction      Alch/Erth      5%         N/A       34%         4
 Olgreb's Toxic Radiance  Alch           10%        N/A       34%         4
 Summon Blazeheart Golem  Fire/Summ      10%        N/A       34%         4
 Irradiate                Conj/Alch      5%         3d13      69%         5
 Lee's Rapid Deconstruct  Erth           5%         3d6*      69%         5
 Plasma Beam              Fire/Air       11%        2x1d22    83%         6
 Permafrost Eruption      Ice/Erth       8%         2x4d3     95%         6
 Ignition                 Fire           5%         3d4       100%        8


Dungeon Overview and Level Annotations

Branches:
Dungeon (15/15)            Temple (1/1) D:5            Lair (5/5) D:8
 Shoals (0/4) Lair:3       Spider (0/4) Lair:2        Slime (0/5) Lair:4
    Orc (2/2) D:10            Elf (0/3) Orc:2        Vaults (0/5) D:13
Ossuary (visited)         Gauntlet (visited)
 Depths: D:15

Altars:
Ashenzari
Cheibriados
Dithmenos
Elyvilon
Fedhas
Gozag
Hepliaklqana
Kikubaaqudgha
Makhleb
Nemelex Xobeh
Okawaru
Qazlal
Ru
Sif Muna
Trog
Uskayaw
Vehumet
Wu Jian
Xom
Yredelemnul
Zin
The Shining One
Jiyva

Shops:
D:2 [   D:10 [   D:11 *   D:13 :   D:15 *   Orc:2 *

Annotations:
D:14 exclusion: shadow dragon
Lair:3 exclusion: downstairs


Innate Abilities, Weirdness & Mutations

You have razor-sharp teeth.
Your natural rate of healing is unusually fast.
When hurt, damage is shared between your health and your magic reserves.
Your bite disrupts and absorbs the magic of your enemies.
Potions cannot restore your health.


Message History

The sixfirhy is almost dead.
The fallen lash out in pain!
You kill the orc!
The Council accepts your kill.
Your +5 rapier of Offence {spect, ^Drain rC++ Stlth+} hits the sixfirhy!
You kill the sixfirhy!
The sixfirhy disappears in a puff of smoke!
The orc priest calls upon Beogh to heal the orc high priest.
The orc high priest is healed somewhat.
Your +5 rapier of Offence {spect, ^Drain rC++ Stlth+} disappears.
The sixfirhy misses you.
The sixfirhy hits you but does no damage.
You block the sixfirhy's attack.
The orc priest looks braver for a moment.
The orc high priest utters an invocation to Beogh.
The orc priest looks satisfied for a moment.
The orc priest begins to cast a cantrip, but forgets the words!
The orc priest calls upon Beogh to heal the orc high priest.
The orc high priest is healed somewhat.
You block the sixfirhy's attack. The sixfirhy hits you.
The sixfirhy shocks you!
* * * LOW HITPOINT WARNING * * *
You block the sixfirhy's attack. The sixfirhy closely misses you.
The orc priest calls down the wrath of Beogh upon you.
Beogh smites you!
* * * LOW HITPOINT WARNING * * *
The sixfirhy attacks as it pursues you! You block the sixfirhy's attack.
The orc priest calls down the wrath of Beogh upon you.
Beogh smites you!
* * * LOW HITPOINT WARNING * * *
Casting: Vhi's Electric Charge (dangerous; 3% risk of failure)
Confirm with . or Enter, or press ? or * to list all spells.
You feel quick.
The wailing of tortured souls fills the air!
The orc priest calls down the wrath of Beogh upon you.
Pain shoots through your body!
* * * LOW HITPOINT WARNING * * *
The orc priest calls down the wrath of Beogh upon you.
Beogh smites you!
You die...

...).......#......# ยง......
..........###.....#######.o.#####
..........# ###...#....o........#
..........# ##..#....o)).....##
..#.#....## #.......oo).)...##
....#.#.## ###.....o..).)))...#
.......#.####.##...o..4..$)#...##
......#...##..............))....#
.##<...#..###...@3o.oo..)..).....
.#....#....#.........4.).........
..#...##...................##....
.###.####........................
## ### #........................#
#...................#....#
##..###....#..#....####.## ####
############## ##


You could see an orc knight, an orc high priest, an ice devil (summoned), a
sixfirhy (summoned), a red devil (summoned), an orc warrior and 6 orc priests.

Vanquished Creatures
  An orc warlord (Orc:2)
  Nessos (D:12)
  A minotaur (Gauntlet)
  A green death (Gauntlet)
  Josephine (D:11)
  A fire dragon (Lair:5)
  Fannar (D:11)
  A catoblepas (Lair:4)
  A hydra (D:14)
  An ice dragon (Lair:5)
  3 boulder beetles
  4 centaur warriors
  10 death yaks
  Urug (D:12)
  2 skysharks
  A swamp dragon (Lair:5)
  3 lindwurms
  Pikel (D:8)
  An arcanist (D:13)
  An oklob plant (Lair:1)
  3 cyclopes
  2 orc sorcerers (Orc:2)
  Maurice (D:10)
  4 ugly things
  3 manticores
  2 black mambas
  5 torpor snails (Lair:5)
  2 kobold blastminers
  7 cane toads
  An orange demon (Gauntlet)
  A kobold demonologist (D:12)
  An unseen horror (D:12)
  A gargoyle (D:10)
  6 rime drakes
  4 komodo dragons
  An efreet (D:14)
  A freezing wraith (D:14)
  6 trolls
  3 merfolk (Lair:3)
  4 tyrant leeches (Lair:5)
  3 polar bears
  14 blink frogs
  7 hornets (Lair:5)
  2 jumping spiders (Lair:2)
  Prince Ribbit (D:9)
  5 dream sheep (Lair:4)
  16 slime creatures
  2 centaur simulacra (Gauntlet)
  A vampire (D:7)
  2 shadows
  7 wraiths
  32 yaks
  2 wargs (Orc:2)
  6 basilisks
  2 wyverns
  A redback (Lair:2)
  3 steam dragons
  3 swamp worms (Gauntlet)
  A death yak simulacrum (D:13)
  5 vampire mosquitoes (D:13)
  24 water moccasins
  6 acid dragons
  Duvessa (D:5)
  2 hell hounds (Lair:1)
  2 black bears
  A swamp drake (Lair:5)
  2 laughing skulls (D:13)
  An ice dragon simulacrum (Gauntlet)
  12 orc warriors
  18 wolves
  4 ogres
  10 centaurs
  Blork the orc (D:5)
  3 phantoms
  13 bullfrogs
  7 kobold brigands
  8 scorpions
  A two-headed ogre simulacrum (D:13)
  4 wights (D:10)
  A gnoll sergeant (D:9)
  A hornet simulacrum (Gauntlet)
  A burial acolyte (D:5)
  Dowan (D:5)
  17 killer bees
  An elephant simulacrum (D:13)
  4 howler monkeys
  2 bombardier beetles
  3 electric eels
  A lava snake (Lair:2)
  2 centaur zombies (Ossuary)
  A human zombie (Ossuary)
  A gnoll bouda (D:6)
  16 orc priests
  3 hounds
  2 sleepcaps (D:5)
  12 hell rats
  9 iguanas
  Natasha (thrice) (D:1)
  13 orc wizards
  6 scorpion zombies (Ossuary)
  A polar bear simulacrum (D:13)
  3 troll simulacra (D:13)
  3 mummies (Ossuary)
  15 gnolls
  10 river rats (D:5)
  14 adders
  A naga simulacrum (D:13)
  2 shadow imps
  3 white imps
  4 ufetubi
  2 adder zombies (Ossuary)
  A dart slug (D:3)
  55 orcs
  3 bats
  7 endoplasms
  A giant cockroach (D:4)
  2 gnoll zombies (Ossuary)
  7 goblins
  3 hobgoblins
  10 jackals
  5 quokkas
  5 ball pythons
  3 ball python zombies (Ossuary)
  A frilled lizard (D:2)
  4 jackal zombies
  30 kobolds
  2 orc zombies (Ossuary)
  18 rats
645 creatures vanquished.

Vanquished Creatures (collateral kills)
  3 two-headed ogres (D:13)
  Lodul (D:11)
  An arcanist (D:13)
  An orc knight (D:13)
  A kobold blastminer (Orc:2)
  Jeremiah (D:9)
  An orc warrior (Orc:2)
  6 ogres
  A centaur (D:13)
  An orc priest (D:8)
  4 orcs
21 creatures vanquished.

Vanquished Creatures (others)
  19 dancing weapons
  3 spectral weapons
22 creatures vanquished.

Grand Total: 688 creatures vanquished

Notes
Turn   | Place    | Note
-------+----------+-------------------------------------------
     0 | D:1      | Autsider the Vine Stalker Enchanter began the quest for the
                  | Orb.
     0 | D:1      | Reached XP level 1. HP: 9/9 MP: 4/4
    84 | D:1      | Reached skill level 1 in Short Blades
   318 | D:1      | Reached XP level 2. HP: 13/13 MP: 6/6
   547 | D:1      | Learned a level 2 spell: Ensorcelled Hibernation
   574 | D:2      | Reached XP level 3. HP: 17/17 MP: 7/7
   632 | D:2      | Noticed Natasha
   685 | D:1      | Killed Natasha
   686 | D:1      | Reached skill level 1 in Ice Magic
   847 | D:1      | Noticed Natasha
   863 | D:1      | Killed Natasha
   864 | D:1      | Reached XP level 4. HP: 21/21 MP: 8/8
   891 | D:1      | Noticed Natasha
   906 | D:1      | Killed Natasha
   907 | D:1      | Reached skill level 1 in Armour
   978 | D:2      | Reached XP level 5. HP: 25/25 MP: 8/10
  1045 | D:2      | Found Xiddax's Antique Armour Boutique.
  1222 | D:2      | Learned a level 3 spell: Tukima's Dance
  1226 | D:2      | Learned a level 3 spell: Confusing Touch
  1277 | D:2      | Reached skill level 1 in Fighting
  1359 | D:2      | Identified the +5 rapier of Offence {spect, ^Drain rC++
                  | Stlth+}
  1737 | D:3      | Found a stormy altar of Qazlal.
  1943 | D:3      | Found a basalt altar of Yredelemnul.
  1943 | D:3      | Found a hazy altar of Hepliaklqana.
  1944 | D:3      | Found a shimmering blue altar of Sif Muna.
  2181 | D:3      | Identified the +9 short sword of the Eleven Artisans
                  | {flame, rElec Dex+3 Stlth+}
  2405 | D:4      | Reached XP level 6. HP: 30/30 MP: 11/11
  2523 | D:4      | Reached skill level 2 in Short Blades
  2523 | D:4      | Reached XP level 7. HP: 34/34 MP: 12/12
  2552 | D:4      | Found a shadowy altar of Dithmenos.
  2930 | D:4      | Found a sacrificial altar of Ru.
  3027 | D:5      | Entered Level 5 of the Dungeon
  3175 | D:5      | Found a staircase to the Ecumenical Temple.
  3185 | Temple   | Entered the Ecumenical Temple
  3206 | Temple   | Became a worshipper of Elyvilon the Healer
  3339 | D:5      | Reached skill level 5 in Stealth
  3382 | D:5      | Noticed Blork the orc
  3403 | D:5      | Gained mutation: You have razor-sharp teeth. [Vine Stalker
                  | growth]
  3403 | D:5      | Reached XP level 8. HP: 39/39 MP: 14/14
  3424 | D:5      | Killed Blork the orc
  3425 | D:5      | Reached skill level 5 in Hexes
  3721 | D:5      | Noticed Duvessa
  3723 | D:5      | Noticed Dowan
  3736 | D:5      | Killed Duvessa
  3740 | D:5      | Killed Dowan
  3851 | D:5      | Found an ancient bone altar of Kikubaaqudgha.
  4088 | D:5      | Reached skill level 3 in Short Blades
  4096 | D:5      | Reached * piety under Elyvilon
  4221 | D:6      | Found a sand-covered staircase.
  4226 | Ossuary  | Entered an ossuary
  4330 | Ossuary  | Reached XP level 9. HP: 44/44 MP: 16/16
  5083 | D:6      | Found an opulent altar of Gozag.
  5510 | D:7      | Found a broken altar of Ashenzari.
  5652 | D:6      | Reached skill level 4 in Short Blades
  5656 | D:6      | Reached skill level 5 in Spellcasting
  5783 | D:7      | Reached skill level 5 in Armour
  5842 | D:7      | Reached ** piety under Elyvilon
  5862 | D:7      | Identified the +2 leather armour of the Shining Light {Harm
                  | Regen+ MP+9 SInv}
  5926 | D:7      | Reached XP level 10. HP: 33/49 MP: 14/18
  6586 | D:8      | Found a staircase to the Lair.
  6590 | D:8      | Noticed Pikel
  6617 | D:8      | Killed Pikel
  6729 | D:8      | Reached skill level 5 in Short Blades
  6844 | D:8      | Reached skill level 5 in Fighting
  7102 | D:8      | HP: 2/51 [titanic slime creature (49)]
  7103 | D:8      | Elyvilon protects you from harm!
  7261 | D:8      | Reached XP level 11. HP: 44/55 MP: 21/21
  7378 | D:9      | Reached skill level 5 in Dodging
  7398 | D:9      | Reached *** piety under Elyvilon
  7574 | D:9      | Found an ornate altar of the Wu Jian Council.
  7582 | D:9      | Fell from the grace of Elyvilon
  7582 | D:9      | Became a worshipper of the Wu Jian Council
  7600 | D:9      | Found a blossoming altar of Fedhas.
  7740 | D:9      | Noticed Jeremiah
  7804 | D:9      | Killed Jeremiah
  7928 | D:9      | Noticed Prince Ribbit
  7937 | D:9      | Killed Prince Ribbit
  8156 | D:9      | Learned a level 3 spell: Dazzling Flash
  8159 | D:9      | Learned a level 2 spell: Blink
  8181 | D:10     | Entered Level 10 of the Dungeon
  8181 | D:10     | Noticed Maurice
  8186 | D:10     | Killed Maurice
  8231 | D:10     | Identified the +10 rapier of the Witching Puffin {freeze,
                  | SInv}
  8271 | D:10     | Reached * piety under Wu Jian
  8521 | D:10     | Found Meuco's Armour Emporium.
  8521 | D:10     | Found a staircase to the Orcish Mines.
  8714 | D:10     | Reached skill level 6 in Short Blades
  8723 | D:10     | Found a hide-covered altar of Uskayaw.
  8924 | D:10     | Noticed a red ugly thing
  8931 | D:10     | Killed a red ugly thing
  8932 | D:10     | Reached skill level 10 in Hexes
  9425 | D:10     | Identified the ring of Topreib {Wiz ^Drain rF+ rC+ Int+3}
  9562 | D:11     | Noticed Lodul
  9575 | D:11     | Killed Lodul
  9585 | D:11     | Reached ** piety under Wu Jian
  9586 | D:11     | Reached XP level 12. HP: 60/60 MP: 24/24
  9722 | D:11     | Reached skill level 10 in Stealth
  9757 | D:11     | Noticed Fannar
  9759 | D:11     | Noticed Josephine
  9763 | D:11     | Killed Fannar
  9764 | D:11     | Reached skill level 1 in Shields
  9779 | D:11     | Killed Josephine
  9780 | D:11     | Reached skill level 7 in Short Blades
  9880 | D:11     | Found Orhit's Assorted Antiques.
  9940 | D:11     | Bought a puce potion for 22 gold pieces
  9940 | D:11     | Bought a bubbling emerald potion for 22 gold pieces
  9940 | D:11     | Bought 2 scrolls of teleportation for 150 gold pieces
 10260 | D:11     | Found a hide-covered altar of Uskayaw.
 10594 | D:12     | Noticed Nessos
 10609 | D:12     | Killed Nessos
 10637 | D:12     | You fall into a shaft and drop 3 floors!
 10637 | D:15     | Entered Level 15 of the Dungeon
 10655 | D:15     | Found Korec's Fire Supplies.
 10683 | D:15     | Noticed a boulder beetle
 10732 | D:15     | Killed a boulder beetle
 10733 | D:15     | Reached skill level 1 in Translocations
 10825 | D:14     | Learned a level 3 spell: Swiftness
 10881 | D:14     | Noticed a centaur warrior
 11135 | D:12     | Reached skill level 1 in Air Magic
 11346 | D:12     | Noticed Urug
 11354 | D:12     | Killed Urug
 11505 | D:12     | Reached skill level 8 in Short Blades
 11761 | D:13     | Reached *** piety under Wu Jian
 11967 | D:13     | Reached XP level 13. HP: 48/63 MP: 26/26
 12307 | D:13     | Reached skill level 9 in Short Blades
 12533 | D:13     | Found Wiyr's Book Boutique.
 12741 | D:13     | Found a gate to the Vaults.
 13232 | D:14     | Noticed a shadow dragon
 13262 | D:14     | Reached skill level 10 in Short Blades
 13262 | D:14     | Reached skill level 5 in Shields
 13550 | D:14     | Reached skill level 10 in Spellcasting
 13825 | Lair:1   | Entered Level 1 of the Lair of Beasts
 13841 | Lair:1   | Reached **** piety under Wu Jian
 13862 | Lair:1   | Identified a scroll of acquirement
 13880 | Lair:1   | Found a gate leading to a gauntlet.
 13890 | Gauntlet | Entered a Gauntlet
 13890 | Gauntlet | Found a transporter.
 13890 | Gauntlet | Found a transporter.
 13902 | Gauntlet | Found a transporter.
 13920 | Gauntlet | Found a transporter.
 13920 | Gauntlet | Found a transporter.
 13920 | Gauntlet | Found a transporter.
 13922 | Gauntlet | Found a transporter.
 13922 | Gauntlet | Found a transporter.
 13924 | Gauntlet | Noticed a green death
 13927 | Gauntlet | Found a runed translucent door.
 13927 | Gauntlet | Found a runed translucent door.
 13934 | Gauntlet | Found a transporter.
 13951 | Gauntlet | Found a transporter.
 13958 | Gauntlet | Found a runed translucent door.
 13962 | Gauntlet | Found a transporter.
 13975 | Gauntlet | Found a transporter.
 13995 | Gauntlet | Found a transporter.
 14010 | Gauntlet | Found a transporter.
 14075 | Gauntlet | Learned a level 3 spell: Fugue of the Fallen
 14104 | Gauntlet | Identified the ring "Wago" {Fly rC+ Str+3 Int+2}
 14116 | Gauntlet | Reached skill level 1 in Necromancy
 14164 | Gauntlet | Killed a green death
 14179 | Gauntlet | Identified the +3 cloak of Yniybb {Regen+ Dex+3}
 14192 | Gauntlet | Noticed a minotaur
 14203 | Gauntlet | Killed a minotaur
 14374 | Lair:1   | Reached XP level 14. HP: 68/68 MP: 29/29
 15062 | Lair:1   | Reached skill level 5 in Translocations
 15205 | D:8      | Learned a level 4 spell: Vhi's Electric Charge
 15394 | Lair:2   | Reached ***** piety under Wu Jian
 15452 | Lair:2   | Found a hole to the Spider Nest.
 15603 | Lair:2   | Reached skill level 1 in Evocations
 15863 | Lair:2   | You are sucked into a shaft and drop 1 floor!
 17068 | Lair:3   | Found a staircase to the Shoals.
 17400 | Lair:4   | Reached skill level 5 in Air Magic
 17424 | Lair:4   | Found a viscous altar of Jiyva.
 17424 | Lair:4   | Found a staircase to the Slime Pits.
 17688 | Lair:4   | Reached skill level 11 in Short Blades
 17955 | Lair:5   | Entered Level 5 of the Lair of Beasts
 18118 | Lair:5   | Paralysed by a hornet for 3 turns
 18744 | Lair:5   | Reached ****** piety under Wu Jian
 18745 | Lair:5   | Reached XP level 15. HP: 72/72 MP: 30/30
 18834 | Lair:5   | Found a shimmering blue altar of Sif Muna.
 19440 | Lair:5   | Reached skill level 12 in Short Blades
 19880 | Orc:1    | Entered Level 1 of the Orcish Mines
 20003 | Orc:2    | Entered Level 2 of the Orcish Mines
 20013 | Orc:2    | Found a staircase to the Elven Halls.
 20029 | Orc:2    | Found Kykiupez's General Store.
 20121 | Orc:2    | Noticed an orc warlord
 20137 | Orc:2    | Killed an orc warlord
 20298 | Orc:2    | Killed from afar by an orc priest

Illustrated notes

Levels and vault maps discovered:
D:1:      tarquinn_simple_flora_water_b, layout_basic
D:2:      layout_basic, serial_shops, nicolae_shop_waterfront, st_stairs_12,
          minmay_fractal_squares_5, uniq_natasha
D:3:      layout_loops_corners, nicolae_qazlal_scattered_showers,
          gammafunk_temple_overflow_claw
D:4:      layout_basic, marbit_many_paths,
          nicolae_dithmenos_through_a_glass_darkly
D:5:      lemuel_ratsnest, layout_loops_ring, lemuel_zombie_altar_kikubaaqudgha,
          minmay_temple_entry_drinking_statues, uniq_blork_the_orc, uniq_duvessa
D:6:      layout_basic, nicolae_gozag_seed_capital, enter_ossuary_5,
          serial_rivers, chequers_serial_rivers_room_a,
          chequers_serial_rivers_micro_b, chequers_serial_rivers_room_a,
          chequers_serial_rivers_small_b, chequers_serial_rivers_small_b,
          grunt_ministairs_11, minmay_manual_mares
D:7:      layout_rooms, mainiacjoe_overflow_alcove_4
D:8:      layout_rooms, lair_entry_dummy, uniq_pikel
D:9:      layout_loops_ring, nicolae_overflow_crystal_walls,
          fedhas_bush_and_centaur_altar, uniq_jeremiah, uniq_prince_ribbit1
D:10:     minmay_weird_star, layout_basic, kennysheep_little_box, orc_david_3,
          uniq_maurice
D:11:     layout_long_grid, serial_shops, nicolae_shop_waterfront,
          nicolae_uskayaw_dance_studio, uniq_lodul, uniq_josephine, uniq_fannar
D:12:     layout_loops_ring, kennysheep_potato, uniq_urug, uniq_nessos
D:13:     layout_stronghold, david_vaults_1,
          portal_ice_cave_entry_ice_simulacra, serial_shops,
          nicolae_shop_temple_entry_statues_fountains,
          nicolae_concentric_dashed_squares_wild
D:14:     minmay_mutant_horseshoe, layout_loops_ring, grunt_decor_arrowhead,
          chequers_arboretum
D:15:     grunt_enter_depths_snipers, layout_small_grid,
          chequers_serial_rivers_micro_a, nicolae_shop_fire_sale
          [nicolae_sub_dead_trees], nicolae_transporter_circle
Temple:   dpeg_chambers_temple
Lair:1:   layout_roguey, gauntlet_entry_generic, enter_volcano_3,
          wad_woods_road_04
Lair:2:   layout_gridlike, spider_nest_entry_a, nicolae_lair_lindhole
Lair:3:   layout_cave_pods, mainiacjoe_shoals_entry_four_pools,
          grunt_megastairs_4, lemuel_fruit_tree, serial_bayou_shore_b
Lair:4:   layout_hall_layers, slime_entry_1, guppyfry_lair_drakes
Lair:5:   wormcave, layout_regular_city, guppyfry_lair_end_dragon, basic_altar
Orc:1:    layout_caves, uniq_sonja
Orc:2:    st_orc_pillars, layout_caves, serial_shops, shop

Skill      XL: |  1  2  3  4  5  6  7  8  9 10 11 12 13 14 15 |
---------------+----------------------------------------------+-----
Short Blades   | 1 2 3 4 5 6 8 10 11 12 | 12.2
Ice Magic      | 1 2 3 |  3.0
Armour         | 1 2 4 5 6 8 9 |  9.4
Stealth        | 4 5 7 8 9 10 | 10.0
Fighting       | 1 2 3 4 5 |  5.0
Dodging        | 2 3 4 6 7 8 |  8.3
Spellcasting   | 3 4 5 6 7 8 10 | 10.0
Hexes          | 4 5 7 8 10 | 10.0
Shields        | 3 5 |  5.0
Translocations | 3 4 6 |  6.0
Air Magic      | 2 6 |  6.0
Necromancy     | 3 4 |  4.0
Evocations     | 3 4 |  4.2
Shapeshifting  | |  0.8

Action                     |  1- 3 |  4- 6 |  7- 9 | 10-12 | 13-15 || total
---------------------------+-------+-------+-------+-------+-------++-------
  Melee: Dagger            |    78 |    70 |       |       |       ||   148
         Bite              |    20 |    30 |   127 |   225 |   490 ||   892
         Rapier            |       |    80 |   383 |   604 |  1101 ||  2168
  Throw: Dart              |       |       |       |     1 |       ||     1
   Cast: Ensorcelled Hiber |     2 |       |    14 |    31 |    35 ||    82
         Tukima's Dance    |       |       |    14 |    28 |    19 ||    61
         Confusing Touch   |       |       |     1 |     3 |     8 ||    12
         Fugue of the Fall |       |       |       |       |    14 ||    14
         Dazzling Flash    |       |       |       |       |     6 ||     6
         Vhi's Electric Ch |       |       |       |       |     8 ||     8
         Blink             |       |       |       |       |     1 ||     1
         Swiftness         |       |       |       |       |     1 ||     1
 Invoke: Heavenly Storm    |       |       |       |       |     1 ||     1
Ability: Lunge             |       |       |       |    29 |    58 ||    87
         Whirlwind         |       |       |       |     4 |    20 ||    24
    Use: Scroll            |       |       |       |    19 |     7 ||    26
         Potion            |       |       |       |     2 |     2 ||     4
   Stab: Sleeping          |     3 |     3 |    28 |    34 |    41 ||   109
         Distracted        |       |       |     5 |     8 |    19 ||    32
         Confused          |       |       |     1 |     2 |     4 ||     7
         Invisible         |       |       |       |       |     1 ||     1
 Armour: Robe              |    11 |       |       |       |       ||    11
         Ring mail         |    37 |    88 |   259 |     1 |       ||   385
         Leather armour    |       |       |       |   299 |   393 ||   692
  Dodge: Dodged            |    47 |    52 |   181 |   247 |   383 ||   910
  Block: Other             |    19 |    29 |    68 |    74 |       ||   190
         Reflection        |     1 |       |       |    11 |     9 ||    21
         Buckler           |       |       |       |    56 |   370 ||   426

Table legend: (Time is in decaauts)
 A = Elapsed time spent in this place.
 B = Non-inter-level travel time spent in this place.
 C = Inter-level travel time spent in this place.
 D = Time resting spent in this place.
 E = Time spent auto-exploring this place.
 F = Levels seen in this place.
 G = Mean time per level.
                   A        B        C        D        E       F      G
               +--------+--------+--------+--------+--------+-----+--------+
         Total |  20090 |  18399 |   1691 |    802 |  11537 |  25 |  803.6 |
       Dungeon |  13649 |  12370 |   1279 |    633 |   7948 |  15 |  909.9 |
        Temple |     42 |      1 |     41 |      0 |      0 |   1 |   42.0 |
          Lair |   5350 |   4979 |    371 |    168 |   3072 |   5 | 1070.0 |
  Orcish Mines |    386 |    386 |      0 |      0 |    231 |   2 |  193.0 |
       Ossuary |    331 |    331 |      0 |      0 |    164 |   1 |  331.0 |
      Gauntlet |    329 |    329 |      0 |      0 |    122 |   1 |  329.0 |
               +--------+--------+--------+--------+--------+-----+--------+

Top non-repeatable levels by time:
  Lair:5: 1603 daAuts
    D:13: 1522 daAuts
    D:10: 1390 daAuts
     D:6: 1234 daAuts
     D:8: 1209 daAuts
     D:5: 1092 daAuts
  Lair:1: 1062 daAuts
  Lair:3: 1010 daAuts
     D:9: 1000 daAuts
  Lair:2: 995 daAuts
    D:11: 952 daAuts
     D:3: 936 daAuts
     D:1: 824 daAuts
    D:12: 796 daAuts
  Lair:4: 678 daAuts
